 Dungeon Crawl Stone Soup version 0.28.0-53-g5a82cb258f (webtiles) character file.

Game seed: 15427818735923116841

61 Sin92 the Magician (level 3, 0/26 HPs)
             Began as a Demonspawn Hedge Wizard on July 10, 2022.
             Slain by a goblin
             ... wielding a +0 club
             ... led by Robin
              (6 damage)
             ... on level 2 of the Dungeon.
             The game lasted 00:02:48 (3279 turns).

Sin92 the Magician (Demonspawn Hedge Wizard)        Turns: 3279, Time: 00:02:49

Health: 0/26       AC:  2    Str: 10    XL:     3   Next: 83%
Magic:  1/7        EV: 12    Int: 15    God:
Gold:   58         SH:  0    Dex: 14    Spells: 7/8 levels left

rFire   . . .      SeeInvis .   a - +1 dagger
rCold   . . .      Faith    .   (no shield)
rNeg    . . .      Spirit   .   b - +0 robe
rPois   .          Reflect  .   c - +0 hat
rElec   .          Harm     .   (no cloak)
rCorr   .          Rampage  .   (no gloves)
Will    .....                   (no boots)
Stlth   ++........              (no amulet)
HPRegen 0.08/turn               (no ring)
MPRegen 0.10/turn               (no ring)

@: very slightly contaminated
A: demonic guardian 1
a: no special abilities


You were on level 2 of the Dungeon.
You visited 1 branch of the dungeon, and saw 2 of its levels.

You collected 58 gold pieces.

Inventory:

Hand Weapons
 a - a +1 dagger (weapon)
Armour
 b - a +0 robe (worn)
 c - a +0 hat (worn)
Scrolls
 f - a scroll of identify {unknown}
 g - a scroll of amnesia {unknown}
Potions
 d - a potion of lignification {unknown}
 e - a potion of resistance {unknown}


   Skills:
 + Level 1.1 Fighting
 + Level 1.0 Armour
 + Level 2.2 Dodging
 - Level 1.7 Stealth
 + Level 3.2 Spellcasting
 + Level 1.5 Conjurations
 - Level 1.0 Summonings
 + Level 1.6 Translocations


You had 7 spell levels left.
You knew the following spells:

 Your Spells              Type           Power      Damage    Failure   Level
a - Magic Dart            Conj           28%        1d4       11%         1

Your spell library contained the following spells:

 Spells                   Type           Power      Damage    Failure   Level
 Blink                    Tloc           14%        N/A       16%         2
 Slow                     Hex            8%         N/A       21%         1
 Call Imp                 Summ           5%         N/A       21%         2
 Conjure Flame            Conj/Fire      4%         6-21      38%         3
 Mephitic Cloud           Conj/Pois/Air  4%         N/A       43%         3


Dungeon Overview and Level Annotations

Branches:
Dungeon (2/15)

Altars:

Shops:
D:2 (

Annotations:
D:2 Robin


Innate Abilities, Weirdness & Mutations

A weak demonic guardian rushes to your aid.


Message History

Robin throws the goblin at you! The goblin closely misses you.
The endoplasm moves out of view.
There is an open door here.
The magic dart hits the goblin.
The goblin is severely wounded.
A goblin comes into view. It is wielding a +0 club.
The goblin closely misses you.
The goblin unwields a +0 dagger.
The goblin wields a +0 hunting sling.
The goblin shoots a stone.
The stone hits you.
Unknown command.
The magic dart hits the goblin.
You kill the goblin!
The goblin shouts!
A goblin comes into view. It is wielding a +0 dagger.
Unknown command.
You miscast Magic Dart.
You are very lightly contaminated with residual magic.
Nothing appears to happen.
The goblin shouts!
Robin throws the goblin at you!
The magic dart hits the hobgoblin.
The hobgoblin is moderately wounded.
The goblin closely misses you. The hobgoblin closely misses you.
The goblin closely misses you.
Robin roars a battlecry!
The goblins go into a battle-frenzy!
A hobgoblin comes into view.
The goblin misses you.
The magic dart hits the hobgoblin but does no damage.
The hobgoblin is moderately wounded.
The goblin barely misses you. The hobgoblin completely misses you.
The goblin closely misses you. Robin throws the goblin at you!
The goblin closely misses you. The goblin hits you with a +0 club.
The magic dart hits the hobgoblin.
The hobgoblin is heavily wounded.
The goblin hits you with a +0 dagger.
A demonic guardian appears!
The hobgoblin hits you. The goblin hits you with a +0 club.
* * * LOW HITPOINT WARNING * * *
The goblin barely misses you. The goblin hits you with a +0 club.
You die...

... #......#..
#......#.. # ......#
#......#.. #. .....#
#......... . #.
....# #......... ...
#.# ...# #.........
....#.g ..#
#......###
....J.g####.#
#.######
..gg.gg@g...###'####
#....gg#g..........#
#.....g#5..........#
∩......#...........#
.......#...........#
......##...........#
...... #...........#
########...........#
#...............#


You could see Robin, an endoplasm, 3 hobgoblins, 7 goblins and a friendly quasit
(summoned).

Vanquished Creatures
  5 endoplasms
  3 goblins
  2 hobgoblins
  A jackal (D:1)
  A quokka (D:1)
  2 ball pythons (D:1)
  4 bats
  A frilled lizard (D:1)
  6 kobolds
  3 rats (D:2)
28 creatures vanquished.

Vanquished Creatures (collateral kills)
  2 gnolls (D:2)
  2 worms (D:2)
  A bat (D:1)
  A rat (D:1)
6 creatures vanquished.

Grand Total: 34 creatures vanquished

Notes
Turn   | Place    | Note
-------+----------+-------------------------------------------
     0 | D:1      | Sin92 the Demonspawn Hedge Wizard began the quest for the
                  | Orb.
     0 | D:1      | Reached XP level 1. HP: 13/13 MP: 4/4
   222 | D:1      | Reached skill level 1 in Translocations
   473 | D:1      | Gained mutation: A weak demonic guardian rushes to your
                  | aid. [demonic ancestry]
   473 | D:1      | Reached XP level 2. HP: 8/19 MP: 0/6
   761 | D:1      | Found a faded altar of an unknown god.
  1695 | D:2      | HP: 1/20 [worm (6)]
  2187 | D:2      | Reached XP level 3. HP: 11/25 MP: 1/7
  2442 | D:2      | Reached skill level 1 in Fighting
  2442 | D:2      | Reached skill level 1 in Armour
  3273 | D:2      | Found Hekessen's Antique Weapon Boutique.
  3273 | D:2      | Noticed Robin
  3279 | D:2      | Slain by a goblin

Illustrated notes

Levels and vault maps discovered:
D:1:      elethiomel_arrival_shortcut, layout_basic,
          shapermc_ecumenical_altar_totnotflames, minmay_unequal
D:2:      layout_basic, serial_shops, shop, uniq_robin

Skill      XL: |  1  2  3 |
---------------+----------+-----
Translocations | 1 |  1.6
Dodging        | 2 |  2.2
Fighting       | 1 |  1.1
Armour         | 1 |  1.0
Stealth        | |  1.7
Spellcasting   | |  3.2
Conjurations   | |  1.5
Summonings     | |  1.0

Action                   || total
-------------------------++-------
Melee: Dagger            ||   105
       Punch             ||     1
 Cast: Magic Dart        ||    40
  Use: Scroll            ||     4
       Potion            ||     1
 Stab: Sleeping          ||     5
Armor: Robe              ||    39
Dodge: Dodged            ||    84
